 Dungeon Crawl Stone Soup version 0.31-a0-198-g2ad674f65e (webtiles) character file.

Game seed: 1259233339167503526

1069 pokeman the Thaumaturge (level 8, -4/44 HPs)
             Began as a Deep Elf Hedge Wizard on June 25, 2023.
             Killed by divine providence
             ... invoked by an orc priest
              (12 damage)
             ... on level 6 of the Dungeon.
             The game lasted 00:10:25 (6660 turns).

pokeman the Thaumaturge (Deep Elf Hedge Wizard)     Turns: 6660, Time: 00:10:26

Health: -4/44      AC:  4    Str:  7    XL:     8   Next: 7%
Magic:  18/32      EV: 28    Int: 22    God:
Gold:   314        SH:  0    Dex: 20    Spells: 17/25 levels left

rFire   . . .        c - +1 dagger (venom)
rCold   . . .        (no shield)
rNeg    . . .        b - +0 robe
rPois   .            r - +0 helmet
rElec   .            (no cloak)
rCorr   .            l - +0 pair of gloves
SInv    .            (no boots)
Will    .....        B - amulet of the acrobat
Stlth   +++          k - +6 ring of dexterity
HPRegen 0.27/turn    A - ring of magical power
MPRegen 0.23/turn

%: acrobat
@: acrobatic, on blink cooldown
A: no striking features
a: no special abilities


You were on level 6 of the Dungeon.
You visited 1 branch of the dungeon, and saw 6 of its levels.

You collected 314 gold pieces.

Inventory:

Hand Weapons
 c - a +1 dagger of venom (weapon)
Armour
 b - a +0 robe (worn)
 l - a +0 pair of gloves (worn)
 r - a +0 helmet (worn)
Jewellery
 k - a +6 ring of dexterity (left hand)
 s - an amulet of faith
 v - a ring of positive energy
 A - a ring of magical power (right hand)
 B - an amulet of the acrobat (around neck)
Wands
 z - a wand of acid (12)
Scrolls
 e - 2 scrolls of immolation {unknown}
 g - a scroll of fear {unknown}
 h - 2 scrolls of enchant weapon {unknown}
 i - 3 scrolls of identify {unknown}
 j - a scroll of enchant armour {unknown}
 m - 2 scrolls of revelation {unknown}
 n - 2 scrolls of amnesia {unknown}
 u - 3 scrolls of teleportation {unknown}
 x - a scroll of poison {unknown}
 y - a scroll of torment {unknown}
Potions
 a - a potion of ambrosia {unknown}
 d - a potion of magic
 f - 3 potions of haste {unknown}
 o - a potion of heal wounds {unknown}
 p - 3 potions of curing {unknown}
 q - a potion of attraction {unknown}
 t - a potion of lignification {unknown}
 w - 2 potions of degeneration {unknown}


   Skills:
 - Level 2.0 Fighting
 + Level 1.3 Armour
 - Level 3.1 Dodging
 - Level 3.0 Stealth
 * Level 9.0 Spellcasting
 + Level 4.5 Conjurations
 - Level 1.2 Summonings
 - Level 1.1 Translocations
 + Level 3.1 Air Magic
 - Level 2.1 Poison Magic
 - Level 1.1 Evocations


You had 17 spell levels left.
You knew the following spells:

 Your Spells              Type           Power      Damage    Failure   Level
a - Magic Dart            Conj           100%       1d8       1%          1
b - Mephitic Cloud        Conj/Pois/Air  24%        N/A       5%          3
c - Call Imp              Summ           30%        N/A       6%          2
d - Blink                 Tloc           28%        N/A       6%          2

Your spell library contained the following spells:

 Spells                   Type           Power      Damage    Failure   Level
 Static Discharge         Conj/Air       52%        2-5/arc   1%          2
 Cigotuvi's Dreadful Rot  Necr/Pois/Air  34%        N/A       4%          2
 Lesser Beckoning         Tloc           28%        N/A       6%          2
 Slow                     Hex            36%        N/A       7%          1
 Dazzling Flash           Conj/Hex       38%        N/A       8%          3
 Vhi's Electric Charge    Tloc/Air       38%        N/A       9%          3
 Gell's Gravitas          Tloc           14%        N/A       13%         3
 Teleport Other           Tloc           14%        N/A       13%         3
 Airstrike                Air            11%        2d(2-18)  19%         4
 Summon Lightning Spire   Summ/Air       19%        N/A       28%         4
 Arcjolt                  Conj/Air       13%        1d23      36%         5
 Silence                  Hex/Air        8%         N/A       69%         5
 Agony                    Necr           9%         N/A       88%         5
 Maxwell's Capacitive Co  Air            11%        ∞         100%        8


Dungeon Overview and Level Annotations

Branches:
Dungeon (6/15)             Temple (0/1) D:6

Altars:
Ashenzari
Wu Jian


Message History

Aim: a kobold, wielding a +0 hand axe (100% to hit)
Okay, then.
Unknown command.
Your cerulean imp closely misses the phantom.
A kobold comes into view. It is wielding a +0 club.
A scorpion comes into view.
There is a stone staircase leading down here.
Your cerulean imp closely misses the adder.
The kobold completely misses you.
Unknown command.
Casting: Magic Dart (safe; 1% risk of failure)
Confirm with . or Enter, or press ? or * to list all spells.
You blink.
An orc priest comes into view.
It is wielding a +0 short sword and carrying a wand of acid (7).
The adder bites you but does no damage.
Your cerulean imp closely misses the adder.
The adder misses you. The phantom hits you.
* * * LOW HITPOINT WARNING * * *
A kobold brigand comes into view.
It is wielding a +0 whip and quivering poisoned darts.
The adder attacks as you move away! The adder closely misses you.
Your cerulean imp hits the adder but does no damage.
The phantom hits you.
* * * LOW HITPOINT WARNING * * *
The phantom blinks!
You blink.
An orc comes into view. It is wielding a +0 club.
An orc priest comes into view.
It is wielding a +0 whip of electrocution.
The adder completely misses your cerulean imp.
Your cerulean imp hits the adder with a -3 spear.
The phantom closely misses you.
The orc wizard hits your cerulean imp with a +0 dagger.
An orc comes into view. It is wielding a +0 quarterstaff.
Unknown command.
The phantom attacks as you move away! The phantom completely misses you.
The phantom barely misses your cerulean imp.
Unknown command.
Your cerulean imp closely misses the adder.
The phantom misses your cerulean imp.
The orc priest mumbles some strange prayers to Beogh against you.
Beogh smites you!
You die...

#.#.# .#..... #Y#Y#
.#...8.>.8. #.#.# ...#
..... # #..o# #...
#.8.#.. ##.#.###.#
......# #.....##.#
.#.#.# ##...###.#
..... #..####.###..#.#
#.oo..oW5.@....#
##.####S######.#
#Y####.######.#
#oY..oS§......#
########K####K#####.##
.........# #K#
.#######.# #>## .# #.#
#..# .# #.# ##.#


You could see a phantom, an orc priest, an adder (ally target), an orc and a
friendly cerulean imp (summoned).

Vanquished Creatures
  Eustachio (D:5)
  A steam dragon (D:4)
  A phantom (D:5)
  A bullfrog (D:6)
  A scorpion (D:4)
  2 howler monkeys
  A hound (D:5)
  A gnoll bouda (D:5)
  Jessica (D:2)
  4 iguanas
  Natasha (thrice) (D:3)
  Robin (D:3)
  5 gnolls (D:5)
  6 adders
  2 ufetubi (D:5)
  4 worms
  3 dart slugs
  12 orcs
  7 endoplasms
  3 giant cockroaches
  15 goblins
  8 hobgoblins
  4 jackals
  4 quokkas
  7 ball pythons
  10 bats
  4 frilled lizards
  3 kobolds
  11 rats
126 creatures vanquished.

Vanquished Creatures (collateral kills)
  An orc (D:6)
1 creature vanquished.

Grand Total: 127 creatures vanquished

Notes
Turn   | Place    | Note
-------+----------+-------------------------------------------
     0 | D:1      | pokeman the Deep Elf Hedge Wizard began the quest for the
                  | Orb.
     0 | D:1      | Reached XP level 1. HP: 10/10 MP: 7/7
   322 | D:1      | Reached XP level 2. HP: 15/15 MP: 7/9
   751 | D:1      | Reached skill level 5 in Spellcasting
   960 | D:1      | Reached XP level 3. HP: 20/20 MP: 9/11
   964 | D:1      | Learned a level 3 spell: Mephitic Cloud
   967 | D:1      | Learned a level 2 spell: Call Imp
   970 | D:1      | Learned a level 2 spell: Blink
  1657 | D:2      | Noticed Jessica
  1662 | D:2      | Killed Jessica
  1663 | D:2      | Reached skill level 1 in Fighting
  1663 | D:2      | Reached skill level 1 in Armour
  1749 | D:2      | Reached XP level 4. HP: 16/25 MP: 10/13
  1869 | D:2      | Found a faded altar of an unknown god.
  2927 | D:3      | Noticed Robin
  2944 | D:3      | Killed Robin
  2997 | D:3      | Reached skill level 6 in Spellcasting
  3444 | D:3      | Reached XP level 5. HP: 29/29 MP: 12/15
  3649 | D:3      | Noticed Natasha
  3657 | D:3      | Killed Natasha
  3889 | D:3      | Noticed Natasha
  3899 | D:3      | Killed Natasha
  3993 | D:3      | Noticed Natasha
  4015 | D:3      | Killed Natasha
  4274 | D:4      | Reached skill level 1 in Poison Magic
  4274 | D:4      | Reached XP level 6. HP: 34/34 MP: 12/17
  4276 | D:4      | Reached skill level 1 in Air Magic
  4673 | D:4      | Reached skill level 7 in Spellcasting
  4845 | D:4      | Noticed a steam dragon
  4852 | D:4      | Killed a steam dragon
  4954 | D:4      | Reached XP level 7. HP: 38/38 MP: 14/20
  5636 | D:5      | Entered Level 5 of the Dungeon
  5724 | D:5      | Noticed Eustachio
  5755 | D:5      | Killed Eustachio
  5756 | D:5      | Reached skill level 8 in Spellcasting
  5949 | D:5      | Found an ornate altar of the Wu Jian Council.
  6430 | D:5      | Reached skill level 1 in Evocations
  6501 | D:5      | Found a broken altar of Ashenzari.
  6623 | D:6      | Found a staircase to the Ecumenical Temple.
  6627 | D:6      | Reached XP level 8. HP: 7/44 MP: 22/22
  6636 | D:6      | Reached skill level 9 in Spellcasting
  6660 | D:6      | Killed from afar by an orc priest

Illustrated notes

Levels and vault maps discovered:
D:1:      giann_bridges, layout_basic, minmay_heptomino_w4
D:2:      layout_basic, nicolae_ecumenical_oubliette, hangedman_decor_points,
          hangedman_decor_lopped, minmay_quadrilaterals, uniq_jessica
D:3:      layout_loops_cross, uniq_robin, uniq_natasha
D:4:      layout_layer_cave, minivault_11, hangedman_decor_push,
          minmay_misc_feat_iff
D:5:      layout_cave_pools, mainiacjoe_overflow_surrounded_room,
          mainiacjoe_overflow_paths, uniq_eustachio
D:6:      layout_loops_ring, mainiacjoe_overflow_brackets,
          minmay_temple_entry_sparse_star, kennysheep_another_room,
          kennysheep_generic_room_4

Skill      XL: |  1  2  3  4  5  6  7  8 |
---------------+-------------------------+-----
Spellcasting   | 5 6 7 8 9 |  9.0
Fighting       | 1 2 |  2.0
Armour         | 1 |  1.3
Conjurations   | 2 3 4 |  4.5
Dodging        | 3 |  3.1
Stealth        | 3 |  3.0
Poison Magic   | 1 2 |  2.1
Air Magic      | 2 3 |  3.1
Evocations     | 1 |  1.1
Summonings     | |  1.2
Translocations | |  1.1

Action                     |  1- 3 |  4- 6 |  7- 9 || total
---------------------------+-------+-------+-------++-------
  Melee: Dagger            |     8 |    46 |    41 ||    95
   Cast: Magic Dart        |    82 |   147 |    64 ||   293
         Mephitic Cloud    |     1 |     7 |    10 ||    18
         Call Imp          |       |     1 |     2 ||     3
         Blink             |       |       |     3 ||     3
   Stab: Confused          |       |    11 |     3 ||    14
 Armour: Robe              |     2 |     5 |    17 ||    24
  Dodge: Dodged            |     8 |    32 |    73 ||   113

Table legend: (Time is in decaauts)
 A = Elapsed time spent in this place.
 B = Non-inter-level travel time spent in this place.
 C = Inter-level travel time spent in this place.
 D = Time resting spent in this place.
 E = Time spent auto-exploring this place.
 F = Levels seen in this place.
 G = Mean time per level.
                   A        B        C        D        E       F      G
               +--------+--------+--------+--------+--------+-----+--------+
         Total |   6655 |   6519 |    136 |    146 |   5581 |   6 | 1109.2 |
       Dungeon |   6655 |   6519 |    136 |    146 |   5581 |   6 | 1109.2 |
               +--------+--------+--------+--------+--------+-----+--------+

Top non-repeatable levels by time:
     D:1: 1635 daAuts
     D:4: 1574 daAuts
     D:2: 1225 daAuts
     D:3: 1196 daAuts
     D:5: 900 daAuts
     D:6: 121 daAuts
